 Dungeon Crawl Stone Soup version 0.22-a0-417-g1387785 (webtiles) character file.

11792 galech the Fighter (level 11, -7/89 HPs)
             Began as a Gnoll Wanderer on May 14, 2018.
             Was a High Priest of Okawaru.
             Mangled by an orc warrior
             ... wielding a +0 halberd
              (11 damage)
             ... on level 10 of the Dungeon.
             The game lasted 00:25:27 (10623 turns).

galech the Fighter (Gnoll Wanderer)                Turns: 10623, Time: 00:25:28

Health: -7/89      AC: 11    Str: 12    XL:     11   Next: 83%
Magic:  0/32       EV: 17    Int: 15    God:    Okawaru [*****.]
Gold:   693        SH:  8    Dex: 18    Spells: 26/26 levels left

rFire    + + .     SeeInvis .   j - +2 hand axe (venom)
rCold    + . .     Gourm    .   o - +2 buckler
rNeg     . . .     Faith    .   F - +2 leather armour {rF+}
rPois    .         Spirit   +   d - +1 helmet "Fugy" {rElec rF++ MR+ Str-2}
rElec    +         Reflect  .   (no cloak)
rCorr    .         Harm     .   L - +0 pair of gloves
MR       +....                  q - +1 pair of boots
Stlth    +++.......             r - amulet of guardian spirit
HPRegen  0.24/turn              x - ring of ice
MPRegen  0.23/turn              K - ring of magical power

@: about to teleport
A: distributed training, fangs 1, strong nose
a: Heroism, Finesse, Renounce Religion


You were on level 10 of the Dungeon.
You worshipped Okawaru.
Okawaru was extremely pleased with you.
You were very hungry.

You visited 2 branches of the dungeon, and saw 11 of its levels.

You collected 693 gold pieces.

Inventory:

Hand Weapons
 b - a +0 spear
 j - a +2 hand axe of venom (weapon)
 n - a +0 hunting sling
 C - a +0 shortbow
Missiles
 e - 81 sling bullets
 k - 316 arrows
 D - 11 steel tomahawks (quivered)
Armour
 a - a +0 shield
 d - the +1 helmet "Fugy" (worn) {rElec rF++ MR+ Str-2}
   (You found it on level 7 of the Dungeon)

   It affects your strength (-2).
   It greatly protects you from fire.
   It insulates you from electricity.
   It affects your resistance to hostile enchantments.
 o - a +2 buckler (worn)
 q - a +1 pair of boots (worn)
 F - a +2 leather armour of fire resistance (worn)
 L - a +0 pair of gloves (worn)
 R - a +0 troll leather armour
Jewellery
 r - an amulet of guardian spirit (around neck)
 s - an uncursed amulet of the gourmand
 x - a ring of ice (left hand)
 H - a cursed amulet of inaccuracy {unknown}
 K - a ring of magical power (right hand)
Wands
 G - a wand of enslavement (32)
 I - a wand of random effects (12)
 J - a wand of digging (10)
 Q - a wand of flame (34)
Scrolls
 c - 5 scrolls of teleportation
 i - 3 scrolls of immolation
 m - a scroll of blinking
 u - 3 scrolls of enchant weapon
 v - a scroll of noise
 y - a scroll of magic mapping
 B - 5 scrolls of remove curse
 N - a scroll of amnesia
Potions
 g - 4 potions of brilliance {unknown}
 h - a potion of mutation {unknown}
 l - 7 potions of degeneration {unknown}
 p - 3 potions of haste
 t - 2 potions of lignification {unknown}
 w - a potion of ambrosia {unknown}
 z - 3 potions of curing
 A - a potion of cancellation {unknown}
 E - a potion of heal wounds
 M - a potion of might {unknown}
 O - a potion of agility {unknown}
Comestibles
 f - 19 rations


   Skills:
 + Level 9.3 Fighting
 + Level 6.5 Short Blades
 + Level 6.5 Long Blades
 + Level 6.5 Axes
 + Level 6.5 Maces & Flails
 + Level 6.5 Polearms
 + Level 6.5 Staves
 + Level 6.5 Slings
 + Level 6.5 Bows
 + Level 6.5 Crossbows
 + Level 7.1 Throwing
 + Level 6.5 Armour
 + Level 7.1 Dodging
 + Level 7.0 Stealth
 + Level 7.1 Shields
 + Level 6.5 Unarmed Combat
 + Level 8.3 Spellcasting
 + Level 5.9 Conjurations
 + Level 5.4 Hexes
 + Level 5.4 Charms
 + Level 5.4 Summonings
 + Level 5.4 Necromancy
 + Level 5.4 Translocations
 + Level 5.4 Transmutations
 + Level 5.4 Fire Magic
 + Level 5.4 Ice Magic
 + Level 5.4 Air Magic
 + Level 5.4 Earth Magic
 + Level 5.4 Poison Magic
 + Level 7.2 Invocations
 + Level 6.5 Evocations


You had 26 spell levels left.
You didn't know any spells.
Your spell library contained the following spells:

 Spells                   Type           Power        Failure   Level  Hunger
 Conjure Flame            Conj/Fire      ###.....     4%          3    ##.....
 Confuse                  Hex            ###.....     4%          3    ##.....
 Freezing Cloud           Conj/Ice/Air   ####......   91%         6    #######
 Mephitic Cloud           Conj/Pois/Air  ###.....     4%          3    ##.....
 Ring of Flames           Chrm/Fire      ###.......   100%        7    #######
 Tukima's Dance           Hex            ###.....     4%          3    ##.....
 Confusing Touch          Hex            ###...       1%          1    None
 Ensorcelled Hibernation  Hex/Ice        ####..       2%          2    None
 Metabolic Englaciation   Hex/Ice        ####......   38%         5    #####..
 Corona                   Hex            ###....      1%          1    None
 Petrify                  Tmut/Erth      ###.....     16%         4    ####...
 Dazzling Spray           Conj/Hex       ###...       4%          3    ##.....
 Gell's Gravitas          Tloc           ###.......   4%          3    ##.....
 Yara's Violent Unravell  Hex/Tmut       ###.......   38%         5    #####..
 Poisonous Vapours        Pois/Air       ###...       2%          2    None


Dungeon Overview and Level Annotations

Branches:
Dungeon (10/15)            Temple (1/1) D:4            Lair (0/6) D:9
    Orc: D:9-12

Altars:
Ashenzari
Cheibriados
Dithmenos
Elyvilon
Fedhas
Gozag
Hepliaklqana
Kikubaaqudgha
Makhleb
Nemelex Xobeh
Okawaru
Qazlal
Ru
Sif Muna
Trog
Uskayaw
Vehumet
Wu Jian
Xom
Yredelemnul
Zin
The Shining One

Shops:
D:9 !

Annotations:
D:9 1 runed door


Innate Abilities, Weirdness & Mutations

Your experience applies equally to all skills.
You have very sharp teeth.
Your uncanny sense of smell can sniff out nearby items.


Message History

The troll is heavily wounded.
You block the troll's attack. The troll claws you!
* * * LOW HITPOINT WARNING * * *
The troll misses you.
You barely miss the troll.
The troll is heavily wounded.
The troll bites you but does no damage. The troll claws you.
* * * LOW HITPOINT WARNING * * *
The troll closely misses you.
The orc warrior shouts!
As you read the scroll of teleportation, it crumbles to dust.
You feel strangely unstable. The troll bites you but does no damage.
The troll claws you!
* * * LOW HITPOINT WARNING * * *
The troll completely misses you. The troll bites you!
* * * LOW HITPOINT WARNING * * *
You block the troll's attack. The troll claws you but does no damage.
The orc warrior hits you from afar with a halberd!
You die...

......##...........###.# #≈
###<...............# #.# ##
#................###.# #
#....................# #
############################# #
... ∆ #.....##..)).......### ....
#.....#....###......## ....
#......)....#......... ....
#....@.[.#.)#..#....##
..##########...T..))#######......
..#........#..o.....#..#..#......
..#.###....#...###.....#.....###.
..#.###.........#.....###.....#..
..#..........#..#..#.......#..#..
).#..........#######.......######
).'.....###..#..#..#..###..#..#..
..#......#......#......#......#..


You could see a troll and an orc warrior.

Vanquished Creatures
  A centaur warrior (D:10)
  4 two-headed ogres
  Nergalle (D:10)
  Pikel (D:7)
  An ugly thing (D:10)
  Joseph (D:7)
  2 centaur skeletons (D:10)
  A komodo dragon (D:9)
  A troll (D:10)
  A hippogriff (D:7)
  A yak (D:10)
  2 hungry ghosts
  A water moccasin (D:9)
  2 orc warriors
  2 ice beasts
  A slave (D:7)
  An eye of draining (D:10)
  2 black bears (D:9)
  2 phantoms
  4 sky beasts
  A necrophage (D:10)
  7 ogres
  7 centaurs
  A crocodile (D:9)
  4 bullfrogs
  2 big kobolds
  A gnoll sergeant (D:9)
  A water moccasin zombie (D:8)
  A scorpion (D:5)
  3 killer bees (D:10)
  A wight (D:10)
  2 centaur zombies
  2 bullfrog zombies
  5 crimson imps
  6 hounds
  2 jellies
  5 orc priests
  8 orc wizards
  3 bullfrog skeletons
  Terence (D:2)
  Natasha (thrice) (D:3)
  4 iguanas
  10 worker ants
  A hound skeleton (D:4)
  2 howler monkey zombies
  2 worker ant zombies (D:10)
  4 gnolls (D:9)
  10 adders
  8 river rats (D:6)
  6 shadow imps
  3 oozes
  2 adder skeletons
  3 worms (D:2)
  3 dart slugs (D:1)
  5 leopard geckos
  42 orcs
  11 giant cockroaches
  12 goblins
  7 hobgoblins
  4 jackals
  6 quokkas
  A ball python (D:1)
  8 bats
  4 frilled lizards
  A jackal skeleton (D:4)
  15 kobolds
  A quokka zombie (D:5)
  20 rats
  3 plants (D:9)
296 creatures vanquished.

Vanquished Creatures (others)
  2 slaves (D:7)
  A black bear (D:7)
  A centaur (D:7)
  A bullfrog (D:7)
  An iguana (D:7)
  An adder skeleton (D:7)
  A plant (D:9)
8 creatures vanquished.

Grand Total: 304 creatures vanquished

Notes
Turn   | Place    | Note
-------+----------+-------------------------------------------
     0 | D:1      | galech the Gnoll Wanderer began the quest for the Orb.
     0 | D:1      | galech set off with: a +0 shield, a +0 spear, a scroll of teleportation, a +0 robe, a ration
     0 | D:1      | Reached XP level 1. HP: 23/23 MP: 6/6
   108 | D:1      | Reached XP level 2. HP: 28/29 MP: 7/7
   482 | D:1      | Reached XP level 3. HP: 35/35 MP: 9/9
   516 | D:1      | Reached skill level 5 in Spellcasting
   796 | D:2      | Reached skill level 1 in Invocations
   982 | D:2      | Noticed Terence
   991 | D:2      | Killed Terence
   991 | D:2      | Reached skill level 1 in Short Blades
   991 | D:2      | Reached skill level 1 in Long Blades
   991 | D:2      | Reached skill level 1 in Axes
   991 | D:2      | Reached skill level 1 in Maces & Flails
   991 | D:2      | Reached skill level 1 in Polearms
   991 | D:2      | Reached skill level 1 in Staves
   991 | D:2      | Reached skill level 1 in Slings
   991 | D:2      | Reached skill level 1 in Bows
   991 | D:2      | Reached skill level 1 in Crossbows
   991 | D:2      | Reached skill level 1 in Armour
   991 | D:2      | Reached skill level 1 in Unarmed Combat
   991 | D:2      | Reached skill level 1 in Evocations
   991 | D:2      | Reached XP level 4. HP: 39/41 MP: 3/11
  1167 | D:2      | Reached skill level 1 in Hexes
  1167 | D:2      | Reached skill level 1 in Charms
  1167 | D:2      | Reached skill level 1 in Summonings
  1167 | D:2      | Reached skill level 1 in Necromancy
  1167 | D:2      | Reached skill level 1 in Translocations
  1167 | D:2      | Reached skill level 1 in Transmutations
  1167 | D:2      | Reached skill level 1 in Fire Magic
  1167 | D:2      | Reached skill level 1 in Ice Magic
  1167 | D:2      | Reached skill level 1 in Air Magic
  1167 | D:2      | Reached skill level 1 in Earth Magic
  1167 | D:2      | Reached skill level 1 in Poison Magic
  1222 | D:2      | Found a faded altar of an unknown god.
  1563 | D:3      | Reached XP level 5. HP: 41/47 MP: 10/12
  1744 | D:3      | Noticed Natasha
  1750 | D:3      | Killed Natasha
  1755 | D:3      | Noticed Natasha
  1760 | D:3      | Reached XP level 6. HP: 31/53 MP: 8/13
  1766 | D:3      | Killed Natasha
  1852 | D:3      | Noticed Natasha
  1858 | D:3      | Killed Natasha
  2466 | D:4      | Reached XP level 7. HP: 53/59 MP: 12/15
  2521 | D:4      | Reached skill level 7 in Fighting
  2859 | D:4      | Found a staircase to the Ecumenical Temple.
  2874 | Temple   | Entered the Ecumenical Temple
  2908 | Temple   | Became a worshipper of Warmaster Okawaru
  3261 | D:5      | Entered Level 5 of the Dungeon
  3383 | D:5      | Reached XP level 8. HP: 64/67 MP: 14/16
  4505 | D:6      | Reached * piety under Okawaru
  5114 | D:7      | Noticed Pikel
  5138 | D:7      | Killed Pikel
  5138 | D:7      | Reached ** piety under Okawaru
  5138 | D:7      | Reached XP level 9. HP: 20/73 MP: 4/18
  5589 | D:7      | Noticed a two-headed ogre
  5607 | D:7      | Killed a two-headed ogre
  5607 | D:7      | Reached skill level 5 in Throwing
  5607 | D:7      | Reached skill level 5 in Dodging
  5607 | D:7      | Reached skill level 5 in Stealth
  5607 | D:7      | Reached skill level 5 in Shields
  5793 | D:7      | Noticed Joseph
  5796 | D:7      | Got a smoking helmet
  5810 | D:7      | Identified the +1 helmet "Fugy" {rElec rF++ MR+ Str-2} (You found it on level 7 of the Dungeon)
  5870 | D:7      | Killed Joseph
  5870 | D:7      | Reached *** piety under Okawaru
  5870 | D:7      | Reached skill level 8 in Fighting
  5941 | D:7      | Reached skill level 5 in Invocations
  6300 | D:7      | Reached XP level 10. HP: 80/80 MP: 20/20
  6624 | D:8      | Reached skill level 5 in Short Blades
  6624 | D:8      | Reached skill level 5 in Long Blades
  6624 | D:8      | Reached skill level 5 in Axes
  6624 | D:8      | Reached skill level 5 in Maces & Flails
  6624 | D:8      | Reached skill level 5 in Polearms
  6624 | D:8      | Reached skill level 5 in Staves
  6624 | D:8      | Reached skill level 5 in Slings
  6624 | D:8      | Reached skill level 5 in Bows
  6624 | D:8      | Reached skill level 5 in Crossbows
  6624 | D:8      | Reached skill level 5 in Armour
  6624 | D:8      | Reached skill level 5 in Unarmed Combat
  6624 | D:8      | Reached skill level 5 in Evocations
  6768 | D:8      | Found a blossoming altar of Fedhas.
  6855 | D:8      | Received a gift from Okawaru
  7358 | D:9      | Reached **** piety under Okawaru
  7547 | D:9      | Found Sichasai's Distillery.
  7578 | D:9      | Reached skill level 5 in Conjurations
  7898 | D:9      | Noticed a two-headed ogre
  7912 | D:9      | Killed a two-headed ogre
  7917 | D:9      | Noticed a sixfirhy
  7918 | D:9      | Found a runed door.
  8087 | D:9      | Found a staircase to the Lair.
  8116 | D:9      | Received a gift from Okawaru
  8116 | D:9      | Reached XP level 11. HP: 63/87 MP: 22/22
  8474 | D:10     | Entered Level 10 of the Dungeon
  8474 | D:10     | Noticed a two-headed ogre
  8492 | D:10     | Killed a two-headed ogre
  8957 | D:10     | Reached ***** piety under Okawaru
  8957 | D:10     | Reached skill level 9 in Fighting
  9051 | D:10     | Reached skill level 5 in Hexes
  9051 | D:10     | Reached skill level 5 in Charms
  9051 | D:10     | Reached skill level 5 in Summonings
  9051 | D:10     | Reached skill level 5 in Necromancy
  9051 | D:10     | Reached skill level 5 in Translocations
  9051 | D:10     | Reached skill level 5 in Transmutations
  9051 | D:10     | Reached skill level 5 in Fire Magic
  9051 | D:10     | Reached skill level 5 in Ice Magic
  9051 | D:10     | Reached skill level 5 in Air Magic
  9051 | D:10     | Reached skill level 5 in Earth Magic
  9051 | D:10     | Reached skill level 5 in Poison Magic
  9093 | D:10     | Found a sparkling altar of Nemelex Xobeh.
  9095 | D:10     | Noticed a two-headed ogre
  9102 | D:10     | Noticed a seven-headed hydra
  9107 | D:10     | Noticed a purple ugly thing
  9132 | D:10     | Noticed a centaur warrior
  9756 | D:10     | Noticed Nergalle
  9787 | D:10     | Killed Nergalle
  9787 | D:10     | Received a gift from Okawaru
  9934 | D:10     | Killed a two-headed ogre
 10045 | D:10     | Killed a purple ugly thing
 10062 | D:10     | Killed a centaur warrior
 10579 | D:10     | Received a gift from Okawaru
 10623 | D:10     | HP: 4/89 [troll (7)]
 10623 | D:10     | Mangled by an orc warrior

Vault maps used:
D:1:      lightli_arrival_quake
D:2:      chequers_ecumenical_altar_grove, uniq_terence
D:3:      uniq_natasha
D:4:      temple_statues, first_ration
D:5:      hangedman_decor_riveting
D:6:      dk_rats_in_the_wall
D:7:      uniq_pikel, uniq_joseph
D:8:      fedhas_altar_2
D:9:      cheibrodos_shockbox, david_lair_shrubbed, serial_shops,
          nicolae_shop_waterfront, grunt_ministairs_8
D:10:     hangedman_cross_cluster, blue_anna_alchemist, uniq_nergalle
Temple:   nicolae_temple_the_god_donut

Skill      XL: |  1  2  3  4  5  6  7  8  9 10 11 |
---------------+----------------------------------+-----
Conjurations   | 2 3 4 5 |  5.9
Spellcasting   | 5 6 7 8 |  8.3
Invocations    | 1 2 3 4 5 6 7 |  7.2
Short Blades   | 1 2 3 4 5 6 |  6.5
Long Blades    | 1 2 3 4 5 6 |  6.5
Axes           | 1 2 3 4 5 6 |  6.5
Maces & Flails | 1 2 3 4 5 6 |  6.5
Polearms       | 1 2 3 4 5 6 |  6.5
Staves         | 1 2 3 4 5 6 |  6.5
Slings         | 1 2 3 4 5 6 |  6.5
Bows           | 1 2 3 4 5 6 |  6.5
Crossbows      | 1 2 3 4 5 6 |  6.5
Armour         | 1 2 3 4 5 6 |  6.5
Unarmed Combat | 1 2 3 4 5 6 |  6.5
Evocations     | 1 2 3 4 5 6 |  6.5
Hexes          | 1 2 3 4 5 |  5.4
Charms         | 1 2 3 4 5 |  5.4
Summonings     | 1 2 3 4 5 |  5.4
Necromancy     | 1 2 3 4 5 |  5.4
Translocations | 1 2 3 4 5 |  5.4
Transmutations | 1 2 3 4 5 |  5.4
Fire Magic     | 1 2 3 4 5 |  5.4
Ice Magic      | 1 2 3 4 5 |  5.4
Air Magic      | 1 2 3 4 5 |  5.4
Earth Magic    | 1 2 3 4 5 |  5.4
Poison Magic   | 1 2 3 4 5 |  5.4
Throwing       | 3 4 5 6 7 |  7.1
Dodging        | 3 4 5 6 7 |  7.1
Shields        | 3 4 5 6 7 |  7.1
Stealth        | 3 4 5 6 7 |  7.0
Fighting       | 7 8 9 |  9.3

Action                   |  1- 3 |  4- 6 |  7- 9 | 10-12 || total
-------------------------+-------+-------+-------+-------++-------
Melee: Spear             |    49 |       |       |       ||    49
       Bite              |    12 |    19 |    46 |    83 ||   160
       Hand axe          |    45 |   127 |   428 |   650 ||  1250
 Fire: Hunting sling     |       |       |       |    33 ||    33
Invok: Heroism           |       |       |     1 |     1 ||     2
  Use: Scroll            |       |     3 |     5 |     3 ||    11
 Stab: Sleeping          |     2 |     4 |     5 |    11 ||    22
       Distracted        |       |     1 |       |     1 ||     2
  Eat: Chunk             |       |     5 |    10 |    18 ||    33
       Ration            |       |       |     1 |     1 ||     2
Armor: Ring mail         |    25 |    39 |    65 |       ||   129
       Leather armour    |       |       |    21 |   162 ||   183
Dodge: Dodged            |    37 |    69 |   163 |   382 ||   651
Block: Shield            |    41 |       |       |       ||    41
       Buckler           |     6 |    63 |   129 |   263 ||   461

Table legend:
 A = Spawn XP
 B = Non-spawn XP
 C = Spawn XP percentage of total XP
 D = Spawn monster count
 E = Non-spawn monster count
 F = Spawn count percentage of total count
 G = Total turns spent on level
                    A         B        C        D         E        F      G
               +---------+---------+-------+---------+---------+-------+---------
         Total |       0 |   16846 |   0.0 |       0 |     292 |   0.0 | 10623
               +---------+---------+-------+---------+---------+-------+---------
           D:1 |       0 |      41 |   0.0 |       0 |      22 |   0.0 |   745
           D:2 |       0 |     106 |   0.0 |       0 |      26 |   0.0 |   804
           D:3 |       0 |     436 |   0.0 |       0 |      32 |   0.0 |  1009
           D:4 |       0 |     457 |   0.0 |       0 |      27 |   0.0 |   778
           D:5 |       0 |     480 |   0.0 |       0 |      18 |   0.0 |  1020
           D:6 |       0 |     560 |   0.0 |       0 |      35 |   0.0 |   927
           D:7 |       0 |    2743 |   0.0 |       0 |      18 |   0.0 |  1312
           D:8 |       0 |    1536 |   0.0 |       0 |      34 |   0.0 |   883
           D:9 |       0 |    3285 |   0.0 |       0 |      40 |   0.0 |  1386
          D:10 |       0 |    7202 |   0.0 |       0 |      40 |   0.0 |  1712
               +---------+---------+-------+---------+---------+-------+---------
